 Dungeon Crawl Stone Soup version 0.28-a0-851-g8b9cc49659 (webtiles) character file.

Game seed: 9887876022825173759

524 Crownlay the Conjurer (level 7, 0/50 HPs)
             Began as a Green Draconian Conjurer on Nov 14, 2021.
             Slain by an orc warrior (19 damage)
             ... on level 4 of the Dungeon.
             The game lasted 00:03:58 (3519 turns).

Crownlay the Conjurer (Green Draconian Conjurer)    Turns: 3519, Time: 00:03:59

Health: 0/50       AC:  6    Str:  9    XL:     7   Next: 2%
Magic:  5/15       EV: 12    Int: 20    God:
Gold:   161        SH:  0    Dex: 10    Spells: 14/17 levels left

rFire   . . .      SeeInvis .   g - staff of conjuration
rCold   . . .      Faith    .   (no shield)
rNeg    . . .      Spirit   .   (armour unavailable)
rPois   +          Reflect  .   (helmet restricted)
rElec   .          Harm     .   (no cloak)
rCorr   .          Rampage  .   (no gloves)
Will    .....                   (no boots)
Stlth   ++........              (no amulet)
HPRegen 0.16/turn               (no ring)
MPRegen 0.14/turn               (no ring)

@: no status effects
A: breathe noxious fumes, AC +6, unfitting armour, poison resistance,
cold-blooded
a: Breathe Noxious Fumes


You were on level 4 of the Dungeon.
You visited 1 branch of the dungeon, and saw 4 of its levels.

You collected 161 gold pieces.

Inventory:

Magical Staves
 g - a staff of conjuration (weapon)
Scrolls
 b - 2 scrolls of identify {unknown}
 d - a scroll of amnesia {unknown}
 e - 2 scrolls of teleportation {unknown}
Potions
 a - a potion of heal wounds {unknown}
 c - a potion of flight {unknown}
 f - a potion of invisibility {unknown}
 h - a potion of curing {unknown}


   Skills:
 - Level 1.7 Dodging
 - Level 1.7 Stealth
 * Level 5.8 Spellcasting
 + Level 5.8 Conjurations


You had 14 spell levels left.
You knew the following spells:

 Your Spells              Type           Power      Damage    Failure   Level
a - Magic Dart            Conj           100%       1d8       1%          1
b - Searing Ray           Conj           88%        2d7       1%          2

Your spell library contained the following spells:

 Spells                   Type           Power      Damage    Failure   Level
 Dazzling Flash           Conj/Hex       52%        N/A       10%         3
 Animate Skeleton         Necr           10%        N/A       11%         1
 Pain                     Necr           20%        1d5       11%         1
 Slow                     Hex            20%        N/A       11%         1
 Confusing Touch          Hex            5%         N/A       32%         3
 Vampiric Draining        Necr           5%         2d6       32%         3
 Fulminant Prism          Conj/Hex       13%        3d9       32%         4
 Iskenderun's Mystic Bla  Conj/Tloc      26%        2d7       32%         4
 Blade Hands              Tmut           2%         N/A       96%         5
 Iron Shot                Conj/Erth      13%        9d3       99%         6
 Animate Armour           Summ/Erth      Unusable   N/A       N/A         4

Dungeon Overview and Level Annotations

Branches:
Dungeon (4/15)
 Temple: D:4-7

Altars:


Innate Abilities, Weirdness & Mutations

You can breathe blasts of noxious fumes.
Your lurid green scales are hard. (AC +6)
You cannot fit into any form of body armour.
Your system is resistant to poisons. (rPois)
You are cold-blooded and may be slowed by cold attacks.


Message History

You can't see any susceptible monsters within range! (Use Z to cast anyway.)
An orc warrior comes into view. It is wielding a +0 halberd.
An orc comes into view. It is wielding a +0 dagger.
There are monsters nearby!
You feel a surge of power!
The magic dart hits the orc warrior.
The orc warrior is lightly wounded.
The orc shouts!
Casting: Magic Dart (safe; 1% risk of failure)
Confirm with . or Enter, or press ? or * to list all spells.
Aiming: Searing Ray (safe; 1% risk of failure)
Press: ? - help, Shift-Dir - straight line, f/p - orc warrior
Aim: an orc warrior, wielding a +0 halberd and wearing a +0 plate armour (lightly wounded, 82% to hit)
You feel a surge of power!
The searing ray hits the orc warrior!
The orc warrior is moderately wounded. (Press . to maintain the ray.)
An orc comes into view.
It is wielding a +0 mace and carrying a wand of mindburst (7).
The searing ray hits the orc warrior but does no damage.
The orc warrior is moderately wounded.
The searing ray hits the orc warrior.
The orc warrior is heavily wounded.
The orc warrior hits you from afar with a +0 halberd!
The searing ray hits the orc warrior but does no damage.
The orc warrior is heavily wounded.
You finish channelling your searing ray.
The orc warrior barely misses you.
The orc warrior hits you from afar with a +0 halberd!
Casting: Searing Ray (safe; 1% risk of failure)
Confirm with . or Enter, or press ? or * to list all spells.
Aiming: Searing Ray (safe; 1% risk of failure)
Press: ? - help, Shift-Dir - straight line, f/p - orc warrior
Aim: an orc warrior, wielding a +0 halberd and wearing a +0 plate armour (heavily wounded, 82% to hit)
You feel a surge of power!
The searing ray hits the orc warrior but does no damage.
The orc warrior is heavily wounded. (Press . to maintain the ray.)
The orc shouts!
The orc warrior hits you from afar with a +0 halberd!
The searing ray misses the orc warrior.
The orc warrior hits you from afar with a +0 halberd!!
You die...

............### ###.##
............#.#####....#
......................).
..............†.........
.......................#
.........^............##
.#....................#
#......................
#...#.@†......###......
#.#.#.o.....#..#.......
.. #oo..##.#...#......#.
. ..)...#########.
........# ..##...## .
####


You could see an orc warrior and 2 orcs.

Vanquished Creatures
  Sigmund (D:3)
  An ogre (D:3)
  A scorpion (D:4)
  A bullfrog skeleton (D:4)
  A hound (D:4)
  An iguana (D:4)
  6 adders
  An adder skeleton (D:4)
  A worm (D:4)
  2 dart slugs
  4 orcs (D:4)
  5 endoplasms
  6 giant cockroaches
  10 goblins
  4 hobgoblins
  2 jackals (D:4)
  2 quokkas (D:1)
  7 ball pythons
  3 bats
  3 frilled lizards
  11 kobolds
  A quokka skeleton (D:4)
  5 rats
79 creatures vanquished.

Vanquished Creatures (others)
  2 plants (D:2)
  2 withered plants (D:2)
4 creatures vanquished.

Grand Total: 83 creatures vanquished

Notes
Turn   | Place    | Note
-------+----------+-------------------------------------------
     0 | D:1      | Crownlay the Draconian Conjurer began the quest for the
                  | Orb.
     0 | D:1      | Reached XP level 1. HP: 14/14 MP: 3/3
   275 | D:1      | Reached XP level 2. HP: 20/20 MP: 1/5
  1049 | D:2      | Reached XP level 3. HP: 26/26 MP: 1/7
  1052 | D:2      | Learned a level 2 spell: Searing Ray
  1156 | D:2      | Found a faded altar of an unknown god.
  2136 | D:3      | Reached XP level 4. HP: 33/33 MP: 6/9
  2246 | D:3      | Noticed Sigmund
  2288 | D:3      | Killed Sigmund
  2289 | D:3      | Reached skill level 5 in Conjurations
  2289 | D:3      | Reached XP level 5. HP: 24/38 MP: 0/12
  2417 | D:3      | Noticed an ogre
  2422 | D:3      | Killed an ogre
  2423 | D:3      | Reached skill level 5 in Spellcasting
  2423 | D:3      | Reached XP level 6. HP: 45/45 MP: 7/13
  3419 | D:4      | Your scales start taking on a lurid green colour.
  3419 | D:4      | Reached XP level 7. HP: 50/50 MP: 5/15
  3419 | D:4      | Gained mutation: Your system is resistant to poisons.
                  | (rPois) [Green Draconian growth]
  3519 | D:4      | Slain by an orc warrior

Illustrated notes

Levels and vault maps discovered:
D:1:      scummos_arrival_gate, layout_basic, minmay_split_cup_small
D:2:      layout_basic, shapermc_ecumenical_altar_flowoftime
D:3:      layout_rooms, uniq_sigmund
D:4:      layout_cave_pools, grunt_temple_overflow_diamond,
          kennysheep_cross_bottleneck, grunt_tough_drop

Skill      XL: |  1  2  3  4  5 |
---------------+----------------+-----
Spellcasting   | 3 4 5 |  5.8
Conjurations   | 5 |  5.8
Dodging        | |  1.7
Stealth        | |  1.7

Action                   |  1- 3 |  4- 6 |  7- 9 || total
-------------------------+-------+-------+-------++-------
Melee: Club              |     2 |       |       ||     2
       Tailslap          |     4 |       |       ||     4
       Short sword       |    12 |       |       ||    12
       Staff             |    24 |     8 |       ||    32
 Cast: Magic Dart        |    81 |    60 |     4 ||   145
       Searing Ray       |     1 |    10 |     2 ||    13
Armor: Skin              |    10 |     5 |       ||    15
Dodge: Dodged            |    13 |    14 |     1 ||    28

Table legend: (Time is in decaauts)
 A = Elapsed time spent in this place.
 B = Non-inter-level travel time spent in this place.
 C = Inter-level travel time spent in this place.
 D = Time resting spent in this place.
 E = Time spent auto-exploring this place.
 F = Levels seen in this place.
 G = Mean time per level.
                   A        B        C        D        E       F      G
               +--------+--------+--------+--------+--------+-----+--------+
         Total |   3525 |   3444 |     81 |      0 |   2996 |   4 |  881.2 |
       Dungeon |   3525 |   3444 |     81 |      0 |   2996 |   4 |  881.2 |
               +--------+--------+--------+--------+--------+-----+--------+

Top non-repeatable levels by time:
     D:2: 1054 daAuts
     D:1: 982 daAuts
     D:3: 821 daAuts
     D:4: 666 daAuts
